 Dungeon Crawl Stone Soup version 0.22-a0-79-g605b837 (webtiles) character file.

17838 galech the Grappler (level 12, -3/107 HPs)
             Began as a Troll Monk on Jan 17, 2018.
             Was the Champion of Okawaru.
             Slain by a 14-headed hydra (6 damage)
             ... on level 11 of the Dungeon.
             The game lasted 00:23:31 (9329 turns).

galech the Grappler (Troll Monk)                    Turns: 9329, Time: 00:23:32

Health: -3/107     AC: 16    Str: 26    XL:     12   Next: 22%
Magic:  4/11       EV: 15    Int:  6    God:    Okawaru [******]
Gold:   223        SH: 19    Dex: 12    Spells: 11/11 levels left

rFire    + . .     SeeInvis .     - Unarmed
rCold    + + +     Gourm    +   p - +0 large shield
rNeg     . . .     Faith    .   A - +4 skin of Zhor {rC+++}
rPois    .         Spirit   .   w - +2 hat
rElec    .         Reflect  .   G - +2 cloak {+Inv}
rCorr    .         Harm     .   (gloves unavailable)
MR       .....                  (boots unavailable)
Stlth    ++++......             h - amulet of regeneration
HPRegen  1.07/turn              M - ring of protection from fire
MPRegen  0.12/turn              o - +2 ring of protection

@: heroism, finesse
A: large, unfitting armour, claws 3, fast metabolism 3, gourmand, regeneration
1, shaggy fur 1, tough skin 2
a: Heroism, Finesse, Renounce Religion, Evoke Invisibility


You were on level 11 of the Dungeon.
You worshipped Okawaru.
Okawaru was exalted by your worship.
You were not hungry.

You visited 1 branch of the dungeon, and saw 12 of its levels.

You collected 533 gold pieces.
You spent 310 gold pieces at shops.

Inventory:

Armour
 p - a +0 large shield (worn)
 w - a +2 hat (worn)
 A - the +4 skin of Zhor (worn) {rC+++}
   (Okawaru gifted it to you on level 9 of the Dungeon)

   It renders you almost immune to cold.
 C - a +1 troll leather armour {Snorg}
 G - a +2 cloak of invisibility (worn)
Jewellery
 h - an amulet of regeneration (around neck)
 k - a +1 ring of protection
 o - a +2 ring of protection (right claw)
 M - a ring of protection from fire (left claw)
Wands
 j - a wand of paralysis (15)
 n - a wand of scattershot (6)
 s - a wand of polymorph (7)
 u - a wand of clouds (5)
 B - a wand of iceblast (17)
 K - a wand of acid (7)
Scrolls
 a - a scroll of fog
 c - 10 scrolls of teleportation
 d - 5 scrolls of remove curse
 f - 6 scrolls of identify
 l - 2 scrolls of noise
 x - a scroll of fear
 y - a scroll of enchant armour
 E - 2 scrolls of amnesia
 H - a scroll of holy word
 I - a scroll of magic mapping
 J - a scroll of vulnerability
 N - a scroll of immolation
 O - a scroll of blinking {unknown}
Potions
 e - 3 potions of flight
 g - 3 potions of cancellation
 i - 2 potions of might
 m - 4 potions of heal wounds
 q - 2 potions of magic
 r - a potion of resistance
 t - 2 potions of lignification
 v - 2 potions of curing
 D - 2 potions of mutation
 F - 3 potions of ambrosia
Books
 z - a book of Cantrips

   Spells                             Type                      Level
   a - Confusing Touch                Hexes                        1
   b - Animate Skeleton               Necromancy                   1
   c - Summon Small Mammal            Summoning                    1
   d - Apportation                    Translocation                1
Comestibles
 b - 18 rations
 L - 7 chunks of flesh


   Skills:
 + Level 4.2(9.2) Fighting
 + Level 7.1(12.1) Dodging
 + Level 3.5(8.5) Stealth
 + Level 7.5(12.5) Shields
 + Level 14.4(19.4) Unarmed Combat
 + Level 1.2 Invocations


You had 11 spell levels left.
You didn't know any spells.

Dungeon Overview and Level Annotations

Branches:
Dungeon (12/15)            Temple (0/1) D:4            Lair (0/6) D:11
    Orc (0/2) D:12

Altars:
Ashenzari
Dithmenos
Fedhas
Hepliaklqana
Nemelex Xobeh
Okawaru
Qazlal
Ru
Trog
Uskayaw
Zin

Shops:
D:4 [   D:6 [   D:11 !


Innate Abilities, Weirdness & Mutations

You are too large for most types of armour.
You have claws for hands.
Your metabolism is lightning-fast.
You like to eat raw meat.
Your natural rate of healing is unusually fast.
You are covered in fur. (AC +1)
You have very tough skin. (AC +2)


Message History

The 12-headed hydra is heavily wounded.
You rip one of the 12-headed hydra's heads off!
The 11-headed hydra grows two more!
You mangle the 13-headed hydra!!
The 13-headed hydra is severely wounded.
You tear one of the 13-headed hydra's heads off!
The 12-headed hydra grows two more!
You mangle the 14-headed hydra!!
The 14-headed hydra is almost dead.
You block the 14-headed hydra's attack. x2
The 14-headed hydra bites you but does no damage.
The 14-headed hydra bites you!
* * * LOW HITPOINT WARNING * * *
The 14-headed hydra bites you!
* * * LOW HITPOINT WARNING * * *
The 14-headed hydra bites you.
* * * LOW HITPOINT WARNING * * *
The 14-headed hydra bites you but does no damage. x3
The 14-headed hydra barely misses you. x2; The 14-headed hydra bites you.
* * * LOW HITPOINT WARNING * * *
The 14-headed hydra closely misses you. The 14-headed hydra bites you.
You die...

..................########....#
..................#......#....#
..................#......#....#
..................#......#....#
..................#......#....#
..#######.........##'#####....#
..# #.....................## ..#
#......#######.........# ..#
#......#@....#.........# ..#
#......#D....#........(# .##
#......#.....#.....>...# .#
#......#.....##........# .#
#......#......#........# .#
#......#......#.......## .#
#......#......#.......#
.########......###'####.......#
..............................###


You could see a 14-headed hydra.

Vanquished Creatures
  Gastronok (D:8)
  Snorg (D:10)
  3 two-headed ogres
  Pikel (D:9)
  The ghost of KristoblXynda the Slasher, a novice DrGl (D:4)
  An ugly thing (D:12)
  A manticore (D:12)
  A gargoyle (D:12)
  A troll (D:10)
  A hornet (D:12)
  A hippogriff (D:11)
  2 wyverns
  17 yaks
  Grum (D:9)
  A hungry ghost (D:8)
  The ghost of oplop the Chiller, an amateur OpIE (D:5)
  2 porcupines
  7 orc warriors
  An ice beast (D:6)
  5 sky beasts
  A black bear (D:9)
  2 phantoms
  A necrophage (D:9)
  2 eyes of draining
  4 wolves (D:9)
  8 ogres
  3 crocodiles
  10 centaurs
  3 big kobolds
  6 bullfrogs
  A gnoll sergeant (D:10)
  A water moccasin zombie (D:7)
  A wyvern skeleton (D:12)
  5 scorpions
  5 killer bees
  3 wights (D:12)
  2 howler monkeys (D:10)
  A bullfrog zombie (D:5)
  3 crimson imps
  3 centaur zombies
  4 hounds
  5 centaur skeletons
  3 jellies
  4 orc priests
  A bullfrog skeleton (D:12)
  14 orc wizards
  3 iguanas
  6 worker ants
  2 worker ant zombies
  16 gnolls
  15 adders
  4 shadow imps
  An ooze (D:2)
  3 adder zombies
  2 worms
  8 leopard geckos
  47 orcs
  5 bats
  7 giant cockroaches
  3 goblins
  A hobgoblin (D:3)
  7 jackals
  5 quokkas
  4 frilled lizards
  A jackal skeleton (D:5)
  22 kobolds
  A quokka skeleton (D:5)
  5 rats
314 creatures vanquished.

Vanquished Creatures (others)
  4 slaves (D:9)
  An orc wizard (D:4)
  A jackal (D:11)
6 creatures vanquished.

Grand Total: 320 creatures vanquished

Notes
Turn   | Place    | Note
-------+----------+-------------------------------------------
     0 | D:1      | galech the Troll Monk began the quest for the Orb.
     0 | D:1      | Reached XP level 1. HP: 22/22 MP: 0/0
   219 | D:1      | Reached XP level 2. HP: 29/29 MP: 1/1
   689 | D:2      | Reached XP level 3. HP: 36/36 MP: 2/2
   716 | D:2      | Found a sacrificial altar of Ru.
   716 | D:2      | Found a bloodstained altar of Trog.
   719 | D:2      | Found a hide-covered altar of Uskayaw.
   721 | D:2      | Found an iron altar of Okawaru.
   721 | D:2      | Found a glowing silver altar of Zin.
   729 | D:2      | Became a worshipper of Warmaster Okawaru
   729 | D:2      | Reached * piety under Okawaru
   729 | D:2      | Reached ** piety under Okawaru
  1433 | D:3      | Reached skill level 4 in Unarmed Combat
  1433 | D:3      | Reached XP level 4. HP: 29/44 MP: 3/3
  1500 | D:3      | Found a shadowy altar of Dithmenos.
  1685 | D:3      | Reached XP level 5. HP: 36/52 MP: 4/4
  2000 | D:4      | Noticed an orc warrior
  2076 | D:4      | Noticed KristoblXynda's ghost (novice DrGl)
  2119 | D:3      | Killed an orc warrior
  2119 | D:3      | Reached skill level 5 in Unarmed Combat
  2119 | D:3      | Reached XP level 6. HP: 29/59 MP: 2/5
  2459 | D:4      | Reached *** piety under Okawaru
  2552 | D:4      | Reached skill level 6 in Unarmed Combat
  2552 | D:4      | Reached XP level 7. HP: 67/67 MP: 3/6
  2571 | D:4      | Killed KristoblXynda's ghost
  2571 | D:4      | Reached skill level 7 in Unarmed Combat
  2798 | D:4      | Found Naurun's Antique Armour Shop.
  2972 | D:4      | Reached XP level 8. HP: 75/75 MP: 7/7
  3059 | D:4      | Found a hazy altar of Hepliaklqana.
  3108 | D:4      | Found a staircase to the Ecumenical Temple.
  3201 | D:5      | Entered Level 5 of the Dungeon
  3201 | D:5      | Noticed oplop's ghost (amateur OpIE)
  3245 | D:4      | HP: 1/75 [something (7)]
  3252 | D:4      | HP: 1/75 [orc wizard/mace (5)]
  3350 | D:5      | Killed oplop's ghost
  3350 | D:5      | Reached skill level 8 in Unarmed Combat
  3399 | D:5      | Reached **** piety under Okawaru
  3472 | D:5      | Found a blossoming altar of Fedhas.
  3775 | D:6      | Reached skill level 1 in Shields
  3922 | D:6      | Found Votalusy's Antique Armour Emporium.
  3947 | D:6      | Reached skill level 9 in Unarmed Combat
  4132 | D:6      | Reached XP level 9. HP: 83/83 MP: 8/8
  4426 | D:7      | Reached skill level 10 in Unarmed Combat
  4462 | D:7      | Found a sparkling altar of Nemelex Xobeh.
  4500 | D:7      | Reached ***** piety under Okawaru
  4673 | D:7      | Found a sparkling altar of Nemelex Xobeh.
  4814 | D:7      | Found a stormy altar of Qazlal.
  4814 | D:7      | Found a shattered altar of Ashenzari.
  4984 | D:8      | Reached skill level 5 in Dodging
  5185 | D:8      | Noticed Gastronok
  5216 | D:8      | Killed Gastronok
  5216 | D:8      | Received a gift from Okawaru
  5216 | D:8      | Reached skill level 11 in Unarmed Combat
  5216 | D:8      | Reached XP level 10. HP: 32/92 MP: 7/9
  5713 | D:9      | Reached skill level 12 in Unarmed Combat
  5717 | D:9      | Reached ****** piety under Okawaru
  5755 | D:9      | Reached skill level 5 in Shields
  5784 | D:9      | Received a gift from Okawaru
  5785 | D:9      | Found the +4 skin of Zhor {rC+++}
  5868 | D:9      | Noticed Pikel
  5877 | D:9      | Killed Pikel
  5900 | D:9      | Noticed Grum
  5917 | D:9      | Killed Grum
  6072 | D:9      | Noticed a two-headed ogre
  6081 | D:9      | Killed a two-headed ogre
  6081 | D:9      | Reached XP level 11. HP: 84/98 MP: 10/10
  6097 | D:9      | Got a brightly glowing hunting sling
  6098 | D:9      | Identified the cursed +1 hunting sling "Ibbil" {freeze, -Tele rPois Str+6 Int+3} (You found it on level 9 of the Dungeon)
  6395 | D:9      | You fall through a shaft for 3 floors!
  6490 | D:12     | Noticed a green ugly thing
  6505 | D:10     | Entered Level 10 of the Dungeon
  6569 | D:10     | Noticed Snorg
  6602 | D:10     | Killed Snorg
  6602 | D:10     | Reached skill level 13 in Unarmed Combat
  6602 | D:10     | Reached skill level 1 in Invocations
  6770 | D:4      | Bought a glowing cloak for 225 gold pieces
  8172 | D:11     | Received a gift from Okawaru
  8390 | D:11     | Found Ufuheff's Distillery.
  8399 | D:11     | Bought a potion of heal wounds for 85 gold pieces
  8617 | D:11     | Found a staircase to the Lair.
  8810 | D:12     | Noticed a two-headed ogre
  8879 | D:11     | Killed a two-headed ogre
  8879 | D:11     | Reached skill level 14 in Unarmed Combat
  8933 | D:12     | Killed a green ugly thing
  8933 | D:12     | Reached XP level 12. HP: 103/107 MP: 11/11
  8999 | D:12     | Noticed a two-headed ogre
  9004 | D:12     | Killed a two-headed ogre
  9143 | D:12     | Got an encrusted whip
  9144 | D:12     | Identified the +0 whip of Moderation {flame, Dex+4} (You found it on level 12 of the Dungeon)
  9223 | D:12     | Found a staircase to the Orcish Mines.
  9310 | D:12     | Noticed a seven-headed hydra
  9329 | D:11     | HP: 3/107 [14-headed hydra (3)]
  9329 | D:11     | Slain by a 14-headed hydra

Vault maps used:
D:1:      minmay_arrival_stair_chambers
D:2:      grunt_temple_overflow_open, serial_bayou, serial_bayou_pond_d,
          serial_bayou_lake_a, serial_bayou_pond_d, serial_bayou_shore_a,
          patterned_corridor
D:3:      nicolae_dithmenos_shadow_blocks
D:4:      kennysheep_little_box, minmay_temple_entry_statues, serial_shops, shop
D:5:      first_ration, basic_altar
D:6:      serial_shops, nicolae_shop_overgrown_old_shop
D:7:      gammafunk_temple_overflow_elements, kennysheep_mini,
          nemelex_lonely_heart_becter
D:8:      uniq_gastronok
D:9:      uniq_grum, uniq_pikel
D:10:     uniq_snorg
D:11:     grunt_lair_entry_orc_guard_hut, serial_shops, nicolae_shop_trees
D:12:     orc_0_dummy, hangedman_pestilent_swarm, st_stairs_11

Skill      XL: |  1  2  3  4  5  6  7  8  9 10 11 12 |
---------------+-------------------------------------+-----
Unarmed Combat | 4 5 6 7 9 11 12 14 | 14.4
Dodging        | 3 4 5 6 7 |  7.1
Stealth        | 2 3 |  3.5
Fighting       | 3 4 |  4.2
Shields        | 1 4 5 7 |  7.5
Invocations    | 1 |  1.2

Action                   |  1- 3 |  4- 6 |  7- 9 | 10-12 || total
-------------------------+-------+-------+-------+-------++-------
Melee: Unarmed           |    75 |   130 |   320 |   524 ||  1049
       Punch             |       |     2 |     1 |       ||     3
Invok: Heroism           |       |     3 |     1 |     4 ||     8
       Finesse           |       |       |       |     2 ||     2
  Use: Potion            |       |     4 |     4 |       ||     8
       Scroll            |       |       |       |    18 ||    18
 Stab: Sleeping          |     4 |     3 |     4 |     3 ||    14
  Eat: Chunk             |    13 |    16 |    27 |    38 ||    94
Armor: Robe              |    19 |    48 |    63 |    14 ||   144
       Animal skin       |       |       |       |   155 ||   155
Dodge: Dodged            |    31 |    53 |    57 |   174 ||   315
Block: Large shield      |       |       |   155 |   436 ||   591

Table legend:
 A = Spawn XP
 B = Non-spawn XP
 C = Spawn XP percentage of total XP
 D = Spawn monster count
 E = Non-spawn monster count
 F = Spawn count percentage of total count
 G = Total turns spent on level
                    A         B        C        D         E        F      G
               +---------+---------+-------+---------+---------+-------+---------
         Total |       0 |   25483 |   0.0 |       0 |     314 |   0.0 |  9329
               +---------+---------+-------+---------+---------+-------+---------
           D:1 |       0 |      33 |   0.0 |       0 |      18 |   0.0 |   628
           D:2 |       0 |      25 |   0.0 |       0 |      10 |   0.0 |   771
           D:3 |       0 |     304 |   0.0 |       0 |      22 |   0.0 |   679
           D:4 |       0 |    1128 |   0.0 |       0 |      28 |   0.0 |  1297
           D:5 |       0 |     537 |   0.0 |       0 |      21 |   0.0 |   482
           D:6 |       0 |    1022 |   0.0 |       0 |      23 |   0.0 |   627
           D:7 |       0 |    1104 |   0.0 |       0 |      17 |   0.0 |   568
           D:8 |       0 |    4009 |   0.0 |       0 |      25 |   0.0 |   741
           D:9 |       0 |    3051 |   0.0 |       0 |      31 |   0.0 |   817
          D:10 |       0 |    4639 |   0.0 |       0 |      46 |   0.0 |  1405
          D:11 |       0 |    4348 |   0.0 |       0 |      31 |   0.0 |   813
          D:12 |       0 |    5283 |   0.0 |       0 |      42 |   0.0 |   501
               +---------+---------+-------+---------+---------+-------+---------
